 Dungeon Crawl Stone Soup version 0.21.1-1-g345015f (webtiles) character file.

7238 sking99 the Grappler (level 10, 0/102 HPs)
             Began as a Troll Fighter on June 22, 2018.
             Was a Believer of Yredelemnul.
             Slain by a yak (9 damage)
             ... on level 11 of the Dungeon.
             The game lasted 00:25:09 (7951 turns).

sking99 the Grappler (Troll Fighter)                Turns: 7951, Time: 00:25:11

Health: 0/102      AC:  7    Str: 28    XL:     10   Next: 88%
Magic:  13/13      EV: 10    Int:  4    God:    Yredelemnul [**....]
Gold:   491        SH: 11    Dex: 12    Spells: 9/9 levels left

rFire    + . .     SeeInvis .     - Unarmed
rCold    + . .     Gourm    +   b - +0 shield
rNeg     . . .     Faith    .   u - +2 robe {rC+ rF+}
rPois    .         Spirit   .   (helmet restricted)
rElec    .         Reflect  .   (no cloak)
rCorr    .         Harm     .   (gloves unavailable)
MR       .....                  (boots unavailable)
Stlth    +.........             (no amulet)
HPRegen  0.67/turn              o - +2 ring of strength
MPRegen  0.13/turn              (no ring)

@: no status effects
A: large, unfitting armour, claws 3, fast metabolism 3, gourmand, regeneration
1, shaggy fur 1, tough skin 2
a: Animate Remains, Recall Undead Slaves, Injury Mirror, Renounce Religion


You were on level 11 of the Dungeon.
You worshipped Yredelemnul.
Yredelemnul was pleased with you.
You were very full.

You visited 2 branches of the dungeon, and saw 11 of its levels.

You collected 491 gold pieces.

Inventory:

Hand Weapons
 w - a +4 scimitar of flaming
Armour
 a - a +0 robe
 b - a +0 shield (worn)
 u - a +2 robe of resistance (worn)
Jewellery
 o - a +2 ring of strength (left claw)
 q - a -5 ring of strength
 D - an uncursed ring of wizardry {unknown}
Wands
 n - a wand of iceblast (11)
 t - a wand of polymorph (10)
 z - a wand of acid (5)
Scrolls
 e - 4 scrolls of teleportation
 g - a scroll of magic mapping
 h - 5 scrolls of remove curse
 l - 10 scrolls of identify
 m - a scroll of fog
 v - 2 scrolls of amnesia {unknown}
 y - a scroll of random uselessness {unknown}
 C - a scroll of enchant armour {unknown}
 E - a scroll of blinking
Potions
 c - 2 potions of might
 f - 3 potions of haste
 i - a potion of resistance {unknown}
 j - 7 potions of curing
 k - 2 potions of lignification {unknown}
 p - a potion of heal wounds {unknown}
 r - a potion of invisibility {unknown}
 s - a potion of ambrosia {unknown}
 x - a potion of magic {unknown}
 A - a potion of brilliance {unknown}
Books
 B - a book of Misfortune

   Spells                             Type                      Level
   a - Confusing Touch                Hexes                        1
   b - Confuse                        Hexes                        3
   c - Gell's Gravitas                Translocation                3
   d - Petrify                        Transmutation/Earth          4
   e - Metabolic Englaciation         Hexes/Ice                    5
   f - Yara's Violent Unravelling     Hexes/Transmutation          5
 F - a book of Necromancy

   Spells                             Type                      Level
   a - Pain                           Necromancy                   1
   b - Animate Skeleton               Necromancy                   1
   c - Vampiric Draining              Necromancy                   3
   d - Regeneration                   Charms/Necromancy            3
   e - Animate Dead                   Necromancy                   4
   f - Borgnjor's Vile Clutch         Necromancy/Earth             5
Comestibles
 d - 29 rations


   Skills:
 + Level 7.0 Fighting
 - Level 2.4 Dodging
 + Level 7.0 Shields
 * Level 11.2 Unarmed Combat
 + Level 5.3 Invocations


You had 9 spell levels left.
You didn't know any spells.

Dungeon Overview and Level Annotations

Branches:
Dungeon (11/15)            Temple (1/1) D:6            Lair (0/6) D:9
    Orc (0/2) D:10

Altars:
Ashenzari
Cheibriados
Dithmenos
Fedhas
Gozag
Kikubaaqudgha
Makhleb
Nemelex Xobeh
Okawaru
Qazlal
Trog
Uskayaw
Vehumet
Xom
Yredelemnul

Shops:
D:2 *   D:9 :

Annotations:
D:10 exclusion: obsidian statue


Innate Abilities, Weirdness & Mutations

You are too large for most types of armour.
You have claws for hands.
Your metabolism is lightning-fast.
You like to eat raw meat.
Your natural rate of healing is unusually fast.
You are covered in fur. (AC +1)
You have very tough skin. (AC +2)


Message History

You barely miss the yak.
The yak is severely wounded.
The yak gores you!
* * * LOW HITPOINT WARNING * * *
There is a stone staircase leading up, spattered with blood here.
You scratch the yak.
The yak is severely wounded.
The yak gores you!
* * * LOW HITPOINT WARNING * * *
You scratch the yak but do no damage.
The yak is severely wounded.
The yak misses you. x2
You mangle the yak!!
You kill the yak!
Yredelemnul accepts your kill. The yak gores you.
* * * LOW HITPOINT WARNING * * *
The yak gores you!
You die...
Your body rises from the dead as a mindless zombie.

###### ......########
.............#
.............#
..........Y..#
.........@Y..########
.....................
......#######.†......
..... #........ ....
#........ ...
+........ ..
#........ . .........
.........


You could see 2 yaks.

Vanquished Creatures
  The ghost of Ramesses the Fighter, a novice OgBe of Trog (D:9)
  Erica (D:8)
  A two-headed ogre (D:8)
  Psyche (D:10)
  A hornet (D:9)
  A hippogriff (D:9)
  4 yaks (D:11)
  3 vampire mosquitoes (D:10)
  A sky beast (D:3)
  2 ice beasts (D:9)
  A phantom (D:8)
  A necrophage (D:9)
  5 orc warriors
  An ogre (D:9)
  A crocodile (D:11)
  3 centaurs
  2 big kobolds
  A bullfrog (D:9)
  Blork the orc (D:4)
  A scorpion (D:5)
  4 wights (D:9)
  A jelly (D:5)
  5 howler monkeys
  2 centaur zombies
  7 crimson imps
  6 hounds
  A quasit (D:10)
  A centaur skeleton (D:4)
  8 orc priests
  7 orc wizards
  2 iguanas
  3 worker ants
  2 hound skeletons
  8 adders
  2 shadow imps (D:8)
  2 adder skeletons
  An adder zombie (D:2)
  2 worms (D:2)
  4 leopard geckos
  44 orcs
  7 bats
  2 giant cockroaches
  7 goblins
  6 hobgoblins
  4 jackals
  2 quokkas
  A ball python (D:3)
  4 frilled lizards
  A giant cockroach zombie (D:2)
  A jackal zombie (D:5)
  14 kobolds
  3 leopard gecko skeletons
  4 rats
201 creatures vanquished.

Vanquished Creatures (collateral kills)
  An ugly thing (D:10)
  An ice beast (D:10)
  A wight (D:9)
  An orc (D:10)
4 creatures vanquished.

Vanquished Creatures (others)
  A hound skeleton (D:10)
  An orc zombie (D:10)
2 creatures vanquished.

Grand Total: 207 creatures vanquished

Notes
Turn   | Place    | Note
-------+----------+-------------------------------------------
     0 | D:1      | sking99 the Troll Fighter began the quest for the Orb.
     0 | D:1      | Reached XP level 1. HP: 22/22 MP: 0/0
   129 | D:1      | Reached XP level 2. HP: 29/29 MP: 1/1
   673 | D:2      | Reached XP level 3. HP: 32/36 MP: 2/2
   681 | D:2      | Reached skill level 3 in Unarmed Combat
   932 | D:2      | Found an opulent altar of Gozag.
   934 | D:2      | Found Gozag's Platinum Reserve.
   943 | D:2      | Reached XP level 4. HP: 44/44 MP: 3/3
  1660 | D:3      | Noticed a sky beast
  1677 | D:3      | Killed a sky beast
  1677 | D:3      | Reached skill level 4 in Unarmed Combat
  1677 | D:3      | Reached XP level 5. HP: 21/53 MP: 4/4
  1808 | D:3      | Found a shimmering altar of Xom.
  1818 | D:3      | Found a snail-covered altar of Cheibriados.
  2291 | D:3      | Reached XP level 6. HP: 61/61 MP: 5/5
  2446 | D:3      | Reached skill level 5 in Unarmed Combat
  2876 | D:4      | Reached XP level 7. HP: 68/68 MP: 6/6
  2877 | D:4      | Noticed Blork the orc
  2888 | D:4      | Killed Blork the orc
  2961 | D:4      | Reached skill level 6 in Unarmed Combat
  3446 | D:5      | Entered Level 5 of the Dungeon
  3731 | D:5      | Reached XP level 8. HP: 72/79 MP: 7/7
  3841 | D:5      | Reached skill level 7 in Unarmed Combat
  4417 | D:6      | Found a staircase to the Ecumenical Temple.
  4426 | Temple   | Entered the Ecumenical Temple
  4643 | Temple   | Became a worshipper of Yredelemnul the Dark
  5090 | D:6      | You fall through a shaft for 2 floors!
  5130 | D:8      | Reached skill level 1 in Invocations
  5183 | D:8      | Noticed a two-headed ogre
  5203 | D:8      | Killed a two-headed ogre
  5203 | D:8      | Reached skill level 5 in Fighting
  5203 | D:8      | Reached skill level 5 in Shields
  5203 | D:8      | Reached skill level 8 in Unarmed Combat
  5203 | D:8      | Reached XP level 9. HP: 62/88 MP: 7/9
  5256 | D:8      | Noticed Erica
  5274 | D:8      | Killed Erica
  5274 | D:8      | Reached skill level 9 in Unarmed Combat
  5516 | D:8      | Reached * piety under Yredelemnul
  5810 | D:9      | Found Zont's Book Shop.
  5810 | D:9      | Noticed Ramesses's ghost (novice OgBe)
  5851 | D:9      | Killed Ramesses's ghost
  6004 | D:9      | Found a staircase to the Lair.
  6102 | D:9      | Reached XP level 10. HP: 72/98 MP: 12/12
  6107 | D:9      | Reached skill level 10 in Unarmed Combat
  6755 | D:10     | Entered Level 10 of the Dungeon
  6998 | D:10     | Found a staircase to the Orcish Mines.
  7131 | D:10     | Reached ** piety under Yredelemnul
  7465 | D:10     | Noticed an obsidian statue
  7627 | D:10     | Noticed Psyche
  7631 | D:10     | Killed Psyche
  7631 | D:10     | Reached skill level 5 in Invocations
  7784 | D:11     | Noticed a purple ugly thing
  7806 | D:10     | Killed a purple ugly thing
  7806 | D:10     | Reached skill level 11 in Unarmed Combat
  7951 | D:11     | Slain by a yak

Skill      XL: |  1  2  3  4  5  6  7  8  9 10 |
---------------+-------------------------------+-----
Unarmed Combat | 3 4 5 6 8 9 11 | 11.2
Shields        | 3 4 5 6 7 |  7.0
Fighting       | 3 4 5 6 7 |  7.0
Invocations    | 2 4 5 |  5.3
Dodging        | |  2.4

Action                   |  1- 3 |  4- 6 |  7- 9 | 10-12 || total
-------------------------+-------+-------+-------+-------++-------
Melee: Unarmed           |    96 |   132 |   243 |   144 ||   615
Invok: Animate Remains   |       |       |     1 |    19 ||    20
       Recall Undead Sla |       |       |       |     2 ||     2
  Use: Scroll            |       |       |     9 |       ||     9
       Potion            |       |       |     2 |       ||     2
  Eat: Chunk             |    14 |    18 |    30 |    21 ||    83
Armor: Robe              |    39 |    23 |    56 |    16 ||   134
Dodge: Dodged            |    38 |    25 |    60 |    30 ||   153
Block: Shield            |    54 |    53 |    93 |    66 ||   266
